 Dungeon Crawl Stone Soup version 0.31-a0-174-g85c54bcb58 (webtiles) character file.

Game seed: 15589521086923715549

1697 Geomchi the Firebug (level 8, 0/57 HPs)
             Began as a Demigod Fire Elementalist on June 16, 2023.
             Slain by a wraith (9 damage)
             ... on level 7 of the Dungeon.
             The game lasted 00:09:10 (8541 turns).

Geomchi the Firebug (Demigod Fire Elementalist)     Turns: 8541, Time: 00:09:11

Health: 0/57       AC:  4    Str:  9    XL:     8   Next: 44%
Magic:  8/21       EV: 12    Int: 25    God:
Gold:   256        SH:  0    Dex: 14    Spells: 10/20 levels left

rFire   + . .        m - +2 dagger (vamp)
rCold   . . .        (no shield)
rNeg    . . .        b - +1 robe {Will+}
rPois   .            v - +0 helmet
rElec   .            (no cloak)
rCorr   .            (no gloves)
SInv    .            (no boots)
Will    +....        (no amulet)
Stlth   ++           f - ring of protection from fire
HPRegen 0.29/turn    (no ring)
MPRegen 0.17/turn

%: no passive effects
@: slowed, very slow
A: high MP 1, forlorn, divine attributes
a: no special abilities


You were on level 7 of the Dungeon.
You visited 2 branches of the dungeon, and saw 8 of its levels.

You collected 298 gold pieces.
You spent 42 gold pieces at shops.

Inventory:

Hand Weapons
 m - a +2 vampiric dagger (weapon)
Armour
 b - a +1 robe of willpower (worn)
 v - a +0 helmet (worn)
Jewellery
 f - a ring of protection from fire (left hand)
 y - an amulet of magic regeneration
Wands
 a - a wand of flame (9)
 w - a wand of polymorph (3)
Scrolls
 c - a scroll of acquirement {unknown}
 d - 3 scrolls of amnesia {unknown}
 g - 2 scrolls of teleportation {unknown}
 j - a scroll of immolation {unknown}
 k - 2 scrolls of vulnerability {unknown}
 l - a scroll of revelation {unknown}
 n - 6 scrolls of identify {unknown}
 r - 3 scrolls of brand weapon {unknown}
 t - a scroll of fear {unknown}
 u - a scroll of enchant armour {unknown}
Potions
 e - 3 potions of invisibility {unknown}
 h - a potion of mutation {unknown}
 i - 2 potions of enlightenment {unknown}
 o - 2 potions of resistance {unknown}
 p - a potion of curing
 q - a potion of haste {unknown}
 s - a potion of lignification {unknown}
 x - a potion of heal wounds {unknown}


   Skills:
 - Level 1.7 Dodging
 - Level 1.7 Stealth
 + Level 6.5 Spellcasting
 + Level 4.1 Conjurations
 + Level 6.8 Fire Magic


You had 10 spell levels left.
You knew the following spells:

 Your Spells              Type           Power      Damage    Failure   Level
a - Foxfire               Conj/Fire      100%       2x1d9     1%          1
c - Volatile Blastmotes   Fire/Tloc      50%        2d14      5%          3
d - Flame Wave            Conj/Fire      35%        2d10      8%          4
m - Scorch                Fire           84%        2d9       1%          2

Your spell library contained the following spells:

 Spells                   Type           Power      Damage    Failure   Level
 Momentum Strike          Conj/Tloc      36%        3d9       4%          2
 Inner Flame              Hex/Fire       25%        N/A       5%          3
 Freeze                   Ice            32%        1d5       7%          1
 Hailstorm                Conj/Ice       18%        3d6       9%          3
 Ignite Poison            Fire/Tmut/Pois 19%        N/A       9%          3
 Blink                    Tloc           16%        N/A       11%         2
 Cigotuvi's Dreadful Rot  Necr/Pois/Air  16%        N/A       11%         2
 Lesser Beckoning         Tloc           16%        N/A       11%         2
 Frozen Ramparts          Ice            16%        1d3       22%         3
 Freezing Cloud           Conj/Ice/Air   7%         6-21      73%         5


Dungeon Overview and Level Annotations

Branches:
Dungeon (7/15)             Temple (1/1) D:4

Shops:
D:2 !   D:3 [

Annotations:
D:5 3 runed translucent doors, schwarznadel's ghost, novice GnMo


Innate Abilities, Weirdness & Mutations

You have an increased reservoir of magic. (+10% MP)
You shall have no god before yourself.
Your divine heritage dramatically boosts your attributes as you level up.


Message History

The wraith barely misses you. The wraith hits you but does no damage.
You take 12 damage, and have 39/57 hp.
MASSIVE DAMAGE!!
You now have 10/21 mp.
Flames lash the gnoll.
The gnoll's fire resistance burns away.
The wraith barely misses you.
A gnoll comes into view. It is wielding a +0 halberd.
The wraith closely misses you. The wraith hits you!
The wraith drains your vigour!
You feel as though you will be slow longer.
You take 12 damage, and have 27/57 hp.
MASSIVE DAMAGE!!
You now have 8/21 mp.
A gnoll comes into view.
It is wielding a +0 flail of holy wrath.
The gnoll shouts!
The gnoll moves out of view.
The wraith closely misses you. The wraith hits you.
The wraith drains your vigour!
You feel as though you will be slow longer.
You take 5 damage, and have 23/57 hp.
The gnoll is no longer more vulnerable to fire.
The wraith hits you!
* * * LOW HITPOINT WARNING * * *
The wraith drains your vigour!
You feel as though you will be slow longer.
You take 8 damage, and have 16/57 hp.
A cloud of volatile blastmotes flares up around you!
The wraith hits you!
* * * LOW HITPOINT WARNING * * *
The wraith drains your vigour!
You feel as though you will be slow longer.
The wraith misses you.
You take 8 damage, and have 8/57 hp.
You now have 7/21 mp.
The wraith attacks as you move away! The wraith hits you but does no damage.
The cloud of blastmotes explodes!
The concussive blast engulfs the wraith.
The concussive blast engulfs you! You resist.
* * * LOW HITPOINT WARNING * * *
You are knocked back by the blast.
You take 7 damage, and have 1/57 hp.
You feel better. The wraith barely misses you.
You regained 6 hp, and now have 8/57 hp.
The wraith hits you!
You die...

... #)#
.######.######
.............###
########.g.#...##
###.###g.#######
#gg..........#
######W##....#
#.@#.####
...##....#
#.......###
#####.....#
#.#<#.# #..#...#
#.###### .. ..#


You could see a wraith and a gnoll.

Vanquished Creatures
  Grinder (D:5)
  An ice beast (D:5)
  3 black bears
  An ogre (D:5)
  A centaur (D:6)
  3 scorpions
  4 jellies
  4 hounds
  2 sleepcaps
  A gnoll bouda (D:6)
  Jessica (D:2)
  An iguana (D:4)
  5 orc wizards (D:4)
  Robin (D:2)
  6 gnolls
  8 adders
  A shadow imp (D:5)
  2 white imps
  An ufetubus (D:6)
  3 worms
  2 dart slugs
  11 orcs
  7 bats
  11 endoplasms
  A giant cockroach (D:4)
  9 hobgoblins
  4 kobolds
  4 quokkas
  4 ball pythons
  4 frilled lizards
  16 goblins
  9 rats
132 creatures vanquished.

Vanquished Creatures (others)
  An orc wizard (D:4)
  483 foxfires
484 creatures vanquished.

Grand Total: 616 creatures vanquished

Notes
Turn   | Place    | Note
-------+----------+-------------------------------------------
     0 | D:1      | Geomchi the Demigod Fire Elementalist began the quest for
                  | the Orb.
     0 | D:1      | Reached XP level 1. HP: 14/14 MP: 5/5
   540 | D:1      | Reached XP level 2. HP: 11/20 MP: 1/7
   632 | D:1      | Reached skill level 1 in Conjurations
   822 | D:1      | Learned a level 2 spell: Scorch
  1616 | D:2      | Noticed Robin
  1618 | D:2      | Reached XP level 3. HP: 26/26 MP: 6/9
  2019 | D:2      | Noticed Jessica
  2025 | D:2      | Killed Jessica
  2092 | D:2      | Killed Robin
  2093 | D:2      | Reached XP level 4. HP: 29/33 MP: 4/11
  2580 | D:2      | Found Mauda's Distillery.
  2602 | D:2      | Bought a potion of curing for 42 gold pieces
  3685 | D:3      | Found Qiykon's Antique Armour Emporium.
  3691 | D:3      | Reached XP level 5. HP: 38/38 MP: 10/13
  4209 | D:4      | Noticed a black bear
  4228 | D:4      | Killed a black bear
  4339 | D:4      | Found a staircase to the Ecumenical Temple.
  4511 | D:4      | Reached XP level 6. HP: 42/45 MP: 9/15
  4521 | D:4      | HP: 2/45 [something/magic dart (6)]
  5734 | D:4      | Reached skill level 5 in Fire Magic
  6004 | Temple   | Entered the Ecumenical Temple
  6025 | D:5      | Entered Level 5 of the Dungeon
  6103 | D:5      | Reached XP level 7. HP: 18/50 MP: 12/17
  6254 | D:5      | Learned a level 3 spell: Volatile Blastmotes
  6259 | D:5      | Learned a level 4 spell: Flame Wave
  6286 | D:5      | Found a runed translucent gate.
  6289 | D:5      | Found a runed translucent gate.
  6289 | D:5      | Noticed schwarznadel's ghost (novice GnMo)
  6290 | D:5      | Found a runed translucent gate.
  6449 | D:5      | Reached skill level 5 in Spellcasting
  6882 | D:5      | Noticed Grinder
  6892 | D:5      | Killed Grinder
  7260 | D:6      | Reached XP level 8. HP: 46/57 MP: 16/20
  8538 | D:7      | HP: 1/57 [shot self (7)]
  8541 | D:7      | Slain by a wraith

Illustrated notes

Levels and vault maps discovered:
D:1:      dpeg_arrival_radiant, layout_basic, minmay_pentomino_w4
D:2:      layout_basic, basic_altar, serial_shops, shop, uniq_robin,
          uniq_jessica
D:3:      layout_basic, serial_shops, nicolae_shop_tiny_waterfront
D:4:      layout_loops_corners, minmay_temple_entry_arrows
D:5:      layout_basic, gammafunk_ghost_nasty_kobolds,
          hangedman_abyss_or_decor_slice, uniq_grinder
D:6:      layout_basic
D:7:      layout_rooms, enter_ossuary_5, minmay_misc_feat_four_crosses,
          uniq_duvessa
Temple:   nicolae_temple_bog_church

Skill      XL: |  1  2  3  4  5  6  7  8 |
---------------+-------------------------+-----
Spellcasting   | 2 3 4 5 6 |  6.5
Fire Magic     | 3 4 5 6 |  6.8
Conjurations   | 1 2 3 4 |  4.1
Dodging        | |  1.7
Stealth        | |  1.7

Action                     |  1- 3 |  4- 6 |  7- 9 || total
---------------------------+-------+-------+-------++-------
  Melee: Unarmed           |     3 |       |       ||     3
         Whip              |     5 |     9 |       ||    14
         Dagger            |       |       |     7 ||     7
         Punch             |       |       |     1 ||     1
   Cast: Foxfire           |    73 |   165 |    58 ||   296
         Scorch            |    23 |    25 |    24 ||    72
         Volatile Blastmot |       |       |     9 ||     9
         Flame Wave        |       |       |     7 ||     7
    Use: Potion            |       |     3 |     1 ||     4
 Armour: Robe              |     5 |    15 |    17 ||    37
  Dodge: Dodged            |    38 |    31 |    56 ||   125

Table legend: (Time is in decaauts)
 A = Elapsed time spent in this place.
 B = Non-inter-level travel time spent in this place.
 C = Inter-level travel time spent in this place.
 D = Time resting spent in this place.
 E = Time spent auto-exploring this place.
 F = Levels seen in this place.
 G = Mean time per level.
                   A        B        C        D        E       F      G
               +--------+--------+--------+--------+--------+-----+--------+
         Total |   8555 |   8130 |    425 |    888 |   6049 |   8 | 1069.4 |
       Dungeon |   8553 |   8128 |    425 |    888 |   6049 |   7 | 1221.9 |
        Temple |      1 |      1 |      0 |      0 |      0 |   1 |    1.0 |
               +--------+--------+--------+--------+--------+-----+--------+

Top non-repeatable levels by time:
     D:4: 1985 daAuts
     D:1: 1654 daAuts
     D:5: 1320 daAuts
     D:2: 1269 daAuts
     D:6: 1153 daAuts
     D:3: 1123 daAuts
     D:7: 47 daAuts
  Temple: 1 daAuts
